 Dungeon Crawl Stone Soup version 0.30.0-10-gfe55d96785 (webtiles) character file.

Game seed: 7486782509101603455

110 Destapler the Cudgeller (level 4, 0/39 HPs)
             Began as an Armataur Reaver on May 14, 2023.
             Killed by divine providence
             ... invoked by an orc priest
              (15 damage)
             ... on level 3 of the Dungeon.
             The game lasted 00:10:48 (2431 turns).

Destapler the Cudgeller (Armataur Reaver)           Turns: 2431, Time: 00:10:48

Health: 0/39       AC:  8    Str: 20    XL:     4   Next: 61%
Magic:  7/7        EV:  6    Int: 13    God:
Gold:   130        SH:  0    Dex:  8    Spells: 6/7 levels left

rFire   . . .        a - +0 mace
rCold   . . .        (no shield)
rNeg    . . .        f - +1 chain mail
rPois   .            (no helmet)
rElec   .            (no cloak)
rCorr   .            (no gloves)
SInv    .            (no barding)
Will    .....        (no amulet) Stlth
                     (no ring)
HPRegen 0.26/turn    (no ring)
MPRegen 0.10/turn

%: roll
@: no status effects
A: large, rugged brown scales 3, deformed body, armoured tail, roll, long
tongue, awkward tongue
a: no special abilities


You were on level 3 of the Dungeon.
You visited 1 branch of the dungeon, and saw 3 of its levels.

You collected 130 gold pieces.

Inventory:

Hand Weapons
 a - a +0 mace (weapon)
 q - a +3 dagger
Armour
 b - a +0 leather armour
 f - a +1 chain mail (worn)
Scrolls
 c - a scroll of teleportation
 d - a scroll of identify {unknown}
 e - a scroll of amnesia {unknown}
 h - a scroll of blinking {unknown}
 k - a scroll of enchant armour
 l - a scroll of enchant weapon {unknown}
 o - a scroll of magic mapping {unknown}
 p - a scroll of butterflies {unknown}
 s - a scroll of noise {unknown}
Potions
 g - a potion of ambrosia {unknown}
 i - a potion of heal wounds {unknown}
 j - 2 potions of berserk rage {unknown}
 m - a potion of curing {unknown}
 n - a potion of lignification {unknown}
 r - a potion of haste {unknown}
 t - a potion of cancellation {unknown}


   Skills:
 + Level 2.5 Fighting
 + Level 3.2 Maces & Flails
 + Level 2.0 Dodging
 + Level 2.4 Spellcasting
 + Level 3.2 Conjurations


You had 6 spell levels left.
You knew the following spells:

 Your Spells              Type           Power      Damage    Failure   Level
a - Kiss of Death         Conj/Necr      20%        2d7       75%         1

Your spell library contained the following spells:

 Spells                   Type           Power      Damage    Failure   Level
 Momentum Strike          Conj/Tloc      10%        3d8       86%         2
 Hailstorm                Conj/Ice       5%         3d4       98%         3


Dungeon Overview and Level Annotations

Branches:
Dungeon (3/15)

Altars:
Xom
Zin
The Shining One

Shops:
D:2 =


Innate Abilities, Weirdness & Mutations

You are completely covered in rugged brown scales. (AC +3, +7% HP)
Armour fits poorly on your strangely shaped body.
You have a long armoured tail.
You roll when moving toward enemies. (Rampage)
Your long tongue fully drains potion bottles. (2x potion effects)
Your tongue gives you trouble enunciating. (1.5x scroll delay)


Message History

The orc is moderately wounded.
The orc hits you with a +0 mace.
You closely miss the orc.
Your tail-slap misses the orc.
The orc barely misses you.
You closely miss the orc. The orc hits you but does no damage.
You hit the orc. You tail-slap the orc.
The orc is heavily wounded.
The orc completely misses you.
You hit the orc.
You kill the orc!
The orc hits you with a +0 mace.
You thump the orc!
You kill the orc!
You hit the orc but do no damage. The orc barely misses you.
You barely miss the orc. The orc closely misses you.
The orc priest begins to cast a cantrip, but forgets the words!
You hit the orc.
Your tail-slap misses the orc.
The orc is almost dead.
The orc hits you with a +0 short sword. The orc hits you but does no damage.
You closely miss the orc.
The orc is almost dead.
The orc priest casts a cantrip, but nothing happens.
The orc hits you but does no damage.
You hit the orc.
You kill the orc!
The orc priest invokes the aid of Beogh against you.
Pain shoots through your body!
You roll towards the orc priest!
You sock the orc priest!
The orc priest is heavily wounded.
The orc priest hits you with a +0 hand axe.
You are too injured to fight recklessly!
You are too injured to fight recklessly!
You are too injured to fight recklessly!
You are too injured to fight recklessly!
You hit the orc priest.
The orc priest is almost dead.
The orc priest hits you with a +0 hand axe.
The orc priest mumbles some strange prayers to Beogh against you.
Beogh smites you!
You die...

...............###.# #
......####.........#.###.##.#
##...## #####.#####..<.....#
.....# #.# #####.#### ###.##
#.# # #.# ##.## #+# #...##
#.###.# #. #@# # #o# .## ..
..# #.# ##


You could see an orc priest.

Vanquished Creatures
  An iguana (D:3)
  An adder (D:3)
  A worm (D:3)
  A dart slug (D:1)
  4 orcs (D:3)
  7 endoplasms
  3 giant cockroaches (D:1)
  5 goblins
  4 hobgoblins
  4 jackals
  4 quokkas
  5 ball pythons
  5 bats
  8 frilled lizards
  6 kobolds
  2 rats
61 creatures vanquished.

Notes
Turn   | Place    | Note
-------+----------+-------------------------------------------
     0 | D:1      | Destapler the Armataur Reaver began the quest for the Orb.
     0 | D:1      | Reached XP level 1. HP: 18/18 MP: 3/3
    37 | D:1      | Found a shimmering altar of Xom.
    68 | D:1      | Reached XP level 2. HP: 22/22 MP: 4/4
   474 | D:1      | Reached XP level 3. HP: 31/31 MP: 6/6
  1146 | D:2      | Found Golaclad's Jewellery Boutique.
  1581 | D:2      | Found a glowing silver altar of Zin.
  2021 | D:3      | Found a glowing golden altar of the Shining One.
  2052 | D:3      | Reached XP level 4. HP: 17/39 MP: 7/7
  2358 | D:3      | Identified the +0 robe of Insatiable Hunger {rCorr Int+3
                  | Slay+2}
  2431 | D:3      | Killed from afar by an orc priest

Illustrated notes

Levels and vault maps discovered:
D:1:      lightli_iron_boxes, layout_basic, minmay_hexomino_r4
D:2:      layout_basic, basic_altar, serial_shops, nicolae_lakefront_shop
D:3:      layout_loops_corners, mainiacjoe_overflow_cross_hatched,
          mainiacjoe_overflow_surrounded_room, grunt_gozag_statues,
          shapermc_ecumenical_altar_acropolis

Skill      XL: |  1  2  3  4 |
---------------+-------------+-----
Fighting       | 2 |  2.5
Spellcasting   | 2 |  2.4
Conjurations   | 3 |  3.2
Maces & Flails | 3 |  3.2
Dodging        | 2 |  2.0

Action                     |  1- 3 |  4- 6 || total
---------------------------+-------+-------++-------
  Melee: Mace              |   155 |    31 ||   186
         Tailslap          |    12 |     2 ||    14
         Punch             |     1 |     1 ||     2
   Cast: Kiss of Death     |     1 |       ||     1
    Use: Scroll            |     2 |       ||     2
 Armour: Leather armour    |    33 |       ||    33
         Chain mail        |    67 |     8 ||    75
  Dodge: Dodged            |    98 |     9 ||   107
